Map: Tours du crépuscule

Players

proTobee

  • Race: Protoss Protoss
  • League: Silver
  • Spawn Location: 1:00

zidar - Winner!

  • Race: Zerg Zerg
  • League: Silver
  • Spawn Location: 7:00

VOD

Have the link to the VOD?

Description

Time

  • Played on: Jan. 20, 2016, 1:44 p.m.
  • Length: 16:05
Show
View Real Time Build Order
Export as new Build Order

proTobee Protoss 

Build Orders:  

Get SALT Encoding   

  12  0:01  Probe (Chrono Boost)  
  13  0:11  Probe (Chrono Boost)  
  14  0:19  Pylon  
  14  0:22  Probe (Chrono Boost)  
  15  0:38  Probe (Chrono Boost), Gateway  
  16  0:46  Assimilator  
  16  0:48  Probe (Chrono Boost)  
  17  1:02  Gateway  
  17  1:10  Probe (Chrono Boost)  
  18  1:20  Probe (Chrono Boost)  
  19  1:26  Cybernetics Core  
  19  1:31  Gateway  
  19  1:46  Pylon  
  19  1:50  Probe (Chrono Boost)  
  20  2:01  Probe (Chrono Boost)  
  21  2:10  Warp Gate (Chrono Boost)  
  21  2:12  Stalker (Chrono Boost)  
  21  2:15  Stalker (Chrono Boost)  
  25  2:18  Gateway  
  25  2:36  Gateway  
  25  2:37  Pylon  
  25  2:41  Stalker  
  27  3:05  Stalker x2  
  31  3:11  Assimilator  
  31  3:12  Probe  
  32  3:29  Pylon  
  32  3:43  Mothership Core  
  34  3:48  Pylon  
  34  4:00  Zealot  
  34  4:01  Zealot x4  
  38  4:22  Zealot x3  
  38  4:23  Zealot  
  35  4:28  Probe  
  36  4:39  Sentry  
  34  5:02  Zealot  
  34  5:05  Zealot  
  34  5:06  Zealot x3  
  28  5:28  Zealot x4  
  36  6:09  Twilight Council  
  36  6:17  Stalker x4  
  36  6:18  Stalker  
  46  7:03  Dark Shrine  
  46  7:05  Pylon  
  46  7:06  Pylon  
  46  7:07  Pylon x2  
  46  7:12  Forge  
  46  7:19  Stalker  
  46  7:20  Stalker  
  32  7:45  Protoss Ground Weapons Level 1  
  32  7:52  Nexus  
  32  8:18  Dark Templar x3  
  37  8:49  Stalker x2  
  37  8:51  Stalker  
  37  8:52  Stalker x2  
  37  9:34  Stalker  
  37  9:35  Stalker x3  
  33  10:02  Stalker  
  33  10:03  Stalker  
  30  11:53  Nexus  
  11  12:35  Sentry x3  
  17  12:47  Nexus  
  5  13:59  Probe  
  6  14:53  Probe  
  7  15:03  Probe  
  8  15:20  Probe  
  9  15:32  Probe  
Show
View Real Time Build Order
Export as new Build Order

zidar Zerg - Winner!

Build Orders: Pool First 

Get SALT Encoding   

  12  0:02  Drone  
  13  0:12  Overlord  
  13  0:20  Drone  
  14  0:30  Drone x2  
  16  0:36  Drone  
  17  0:56  Drone  
  18  1:07  Spawning Pool  
  17  1:14  Drone  
  17  1:16  Hatchery  
  17  1:19  Extractor  
  17  1:22  Drone  
  17  1:27  Drone  
  18  1:51  Overlord  
  18  1:54  Queen  
  20  2:02  Zergling x4  
  22  2:20  Zergling x4  
  24  2:26  Metabolic Boost  
  23  2:36  Queen  
  25  2:40  Zergling x2  
  25  2:41  Zergling x6  
  29  3:00  Zergling x6  
  32  3:14  Evolution Chamber  
  32  3:17  Zergling x2  
  32  3:18  Zergling x8  
  36  3:24  Overlord x2  
  36  3:43  Zergling x10  
  41  3:50  Zerg Melee Weapons Level 1  
  34  4:26  Zergling x2  
  34  4:27  Zergling x16  
  43  4:49  Roach Warren  
  33  5:14  Zergling x2  
  33  5:15  Zergling x16  
  28  5:59  Roach x4  
  28  6:00  Roach x3  
  42  6:15  Roach x2  
  46  6:29  Drone x2  
  46  6:30  Drone x2  
  50  6:34  Drone  
  48  6:59  Lair  
  48  7:06  Overlord x2  
  36  7:38  Roach  
  36  7:39  Roach x6  
  48  7:48  Ravager  
  48  7:49  Ravager x2  
  51  8:09  Ravager  
  52  8:15  Drone x4  
  56  8:36  Hatchery  
  51  9:13  Overseer  
  42  9:23  Roach  
  42  9:24  Roach x5  
  51  9:25  Zergling x16  
  51  9:26  Zergling x2  
  34  10:34  Zergling x2  
  35  10:37  Roach  
  35  10:38  Roach x2  
  41  11:15  Spawning Pool  
  40  11:26  Drone x11  
  51  11:33  Extractor  
  51  11:34  Extractor  
  33  13:05  Zergling x2  
  32  13:06  Zergling x24  
  42  13:23  Queen  
  38  13:35  Zergling x2  
  38  13:36  Zergling x6  
  31  14:35  Zergling x10  
  31  14:36  Zergling x12  
  40  15:14  Drone x4  
  44  15:28  Hydralisk Den  
  43  15:29  Roach Warren  
Tags
 
Add a new tag
Caveats
  • Supply blocks, unpowered buildings, or Contaminate may cause inaccurate times.
  • Supply counts are checked every 10 seconds.